 Dungeon Crawl Stone Soup version 0.29-a0-723-gce39da1 (webtiles) character file.

Game seed: 2731441547644856976

506 PurpleRed the Magician (level 6, 0/37 HPs)
             Began as a Deep Elf Brigand on June 28, 2022.
             Slain by an iguana (11 damage)
             ... on level 5 of the Dungeon.
             The game lasted 00:10:07 (1065 turns).

PurpleRed the Magician (Deep Elf Brigand)           Turns: 1065, Time: 00:10:08

Health: 0/37       AC:  8    Str:  8    XL:     6   Next: 97%
Magic:  18/18      EV: 11    Int: 18    God:
Gold:   153        SH:  0    Dex: 16    Spells: 19/19 levels left

rFire   . . .      SeeInvis .   i - +1 trident (vamp)
rCold   . . .      Faith    .   (no shield)
rNeg    . . .      Spirit   .   h - +0 ring mail
rPois   .          Reflect  .   (no helmet)
rElec   .          Harm     .   c - +1 cloak
rCorr   .          Rampage  .   g - +0 pair of gloves
Will    .....                   (no boots)
Stlth   ++........              n - amulet of the acrobat
HPRegen 0.12/turn               (no ring)
MPRegen 0.16/turn               (no ring)

@: no status effects
A: no striking features
a: no special abilities


You were on level 5 of the Dungeon.
You visited 1 branch of the dungeon, and saw 6 of its levels.

You collected 153 gold pieces.

Inventory:

Hand Weapons
 a - a +2 dagger
 i - a +1 vampiric trident (weapon)
 l - a +0 scythe of freezing
 p - a +0 war axe
Missiles
 d - 14 poisoned darts (quivered)
 e - a curare-tipped dart
Armour
 b - a +0 robe
 c - a +1 cloak (worn)
 g - a +0 pair of gloves (worn)
 h - a +0 ring mail (worn)
Jewellery
 n - an amulet of the acrobat (around neck)
Scrolls
 f - a scroll of enchant weapon
 j - a scroll of identify
Potions
 o - a potion of flight


   Skills:
 - Level 3.5 Fighting
 - Level 2.0 Short Blades
 - Level 2.0 Throwing
 + Level 3.3 Dodging
 - Level 4.8 Stealth
 * Level 7.1 Spellcasting


You had 19 spell levels left.
You didn't know any spells.
Your spell library contained the following spells:

 Spells                   Type           Power      Damage    Failure   Level
 Beastly Appendage        Tmut           12%        N/A       32%         1
 Wereblood                Tmut           6%         N/A       45%         2
 Spider Form              Tmut/Pois      6%         N/A       69%         3


Dungeon Overview and Level Annotations

Branches:
Dungeon (6/15)
 Temple: D:4-7

Altars:

Shops:
D:4 (

Annotations:
D:5 Eustachio


Message History

The iguana bites you but does no damage.
You barely miss the iguana.
The iguana is moderately wounded.
The iguana bites you but does no damage.
You hit the iguana but do no damage.
The iguana is moderately wounded.
The iguana barely misses you.
The iguana bites you but does no damage.
You hit the iguana but do no damage.
The iguana is moderately wounded.
The iguana barely misses you.
You hit the iguana.
You feel better.
The iguana is moderately wounded.
The iguana barely misses you.
You hit the iguana.
You feel better.
The iguana is heavily wounded.
The iguana closely misses you. The iguana bites you.
You hit the iguana but do no damage.
The iguana is heavily wounded.
The iguana bites you but does no damage.
You barely miss the iguana.
The iguana is heavily wounded.
The iguana bites you but does no damage.
You hit the iguana but do no damage.
The iguana is heavily wounded.
The iguana bites you!
* * * LOW HITPOINT WARNING * * *
You closely miss the iguana.
The iguana is heavily wounded.
The iguana closely misses you. x2
You hit the iguana but do no damage.
The iguana is heavily wounded.
The iguana closely misses you.
You closely miss the iguana.
The iguana is heavily wounded.
The iguana closely misses you.
You hit the iguana.
The iguana is severely wounded.
The iguana misses you. The iguana bites you!
You die...

......# #<.# ......#
#..# ####### ... ...#
#.# ##.#####
###.######.
#.....#######..........
#####.#.........#####.
##.#.#####...# #....#
#$#@#
#..#######...l...#
#.......<###.###.#
#..####### #.# #..# #..
!...# #### ###..# #..#
#..#


You could see an iguana.

Vanquished Creatures
  Sigmund (D:2)
  A sky beast (D:5)
  A scorpion (D:4)
  3 hounds
  An iguana (D:4)
  2 adders
  A worm (D:3)
  3 dart slugs
  An orc (D:3)
  7 ball pythons
  5 endoplasms
  3 giant cockroaches
  3 goblins
  4 hobgoblins
  3 jackals (D:2)
  A quokka (D:2)
  A bat (D:2)
  2 frilled lizards
  4 kobolds
  2 rats
49 creatures vanquished.

Notes
Turn   | Place    | Note
-------+----------+-------------------------------------------
     0 | D:1      | PurpleRed the Deep Elf Brigand began the quest for the Orb.
     0 | D:1      | Reached XP level 1. HP: 12/12 MP: 3/3
    70 | D:1      | Reached skill level 1 in Spellcasting
   155 | D:1      | Reached XP level 2. HP: 14/17 MP: 4/6
   252 | D:2      | Reached skill level 2 in Spellcasting
   287 | D:2      | Reached XP level 3. HP: 22/22 MP: 8/8
   409 | D:2      | Noticed Sigmund
   424 | D:2      | Killed Sigmund
   425 | D:2      | Reached skill level 4 in Spellcasting
   425 | D:2      | Reached XP level 4. HP: 14/28 MP: 9/12
   425 | D:2      | Reached XP level 5. HP: 16/32 MP: 10/14
   454 | D:2      | Found a faded altar of an unknown god.
   482 | D:3      | Reached skill level 5 in Spellcasting
   714 | D:5      | Entered Level 5 of the Dungeon
   758 | D:4      | Reached XP level 6. HP: 36/37 MP: 14/16
   780 | D:4      | Found Todwikao's Weapon Boutique.
   789 | D:4      | Reached skill level 6 in Spellcasting
   850 | D:5      | Noticed Eustachio
   981 | D:6      | Noticed a sky beast
   993 | D:5      | Killed a sky beast
  1000 | D:5      | Reached skill level 7 in Spellcasting
  1065 | D:5      | Slain by an iguana

Illustrated notes

Levels and vault maps discovered:
D:1:      lightli_arrival_maybe_door_vault, layout_basic, lemuel_old_faithful
D:2:      layout_rooms, ebering_ecumenical_altar_mist, minmay_distorted,
          uniq_sigmund
D:3:      layout_basic
D:4:      layout_basic, serial_shops, nicolae_take_the_stairs,
          nicolae_shop_competitors_out_of_business,
          nicolae_shop_bloodbath_and_beyond, hangedman_abyss_or_decor_passed,
          minmay_hollow_rounded_squares
D:5:      layout_basic, uniq_eustachio
D:6:      gammafunk_steamed_eel, layout_loops_ring, minmay_temple_entry_trees,
          uniq_blork_the_orc

Skill      XL: |  1  2  3  4  5  6 |
---------------+-------------------+-----
Spellcasting   | 1 2 4 5 7 |  7.1
Fighting       | 2 3 |  3.5
Dodging        | 3 |  3.3
Short Blades   | |  2.0
Throwing       | |  2.0
Stealth        | |  4.8

Action                   |  1- 3 |  4- 6 || total
-------------------------+-------+-------++-------
Melee: Dagger            |    29 |     5 ||    34
       Trident           |    51 |    86 ||   137
       Punch             |     1 |       ||     1
Throw: Dart              |    21 |     6 ||    27
  Use: Scroll            |       |     5 ||     5
       Potion            |       |     2 ||     2
 Stab: Sleeping          |     4 |     5 ||     9
Armor: Robe              |     3 |       ||     3
       Ring mail         |    21 |    41 ||    62
Dodge: Dodged            |    36 |    60 ||    96

Table legend: (Time is in decaauts)
 A = Elapsed time spent in this place.
 B = Non-inter-level travel time spent in this place.
 C = Inter-level travel time spent in this place.
 D = Time resting spent in this place.
 E = Time spent auto-exploring this place.
 F = Levels seen in this place.
 G = Mean time per level.
                   A        B        C        D        E       F      G
               +--------+--------+--------+--------+--------+-----+--------+
         Total |   1093 |   1093 |      0 |      0 |      0 |   6 |  182.2 |
       Dungeon |   1093 |   1093 |      0 |      0 |      0 |   6 |  182.2 |
               +--------+--------+--------+--------+--------+-----+--------+

Top non-repeatable levels by time:
     D:2: 313 daAuts
     D:3: 231 daAuts
     D:4: 202 daAuts
     D:1: 174 daAuts
     D:5: 152 daAuts
     D:6: 19 daAuts
